 Dungeon Crawl Stone Soup version 0.21-a0-143-g1ab7d47 (webtiles) character file.

34349 grindst0ne the Arsonist (level 13, -3/108 HPs)
             Began as a Hill Orc Fire Elementalist on July 25, 2017.
             Was a High Priest of Vehumet.
             Slain by a blink frog (12 damage)
             ... on level 5 of the Lair of Beasts.
             The game lasted 01:19:40 (20242 turns).

grindst0ne the Arsonist (HOFE)                     Turns: 20242, Time: 01:19:41

Health: -3/108     AC:  4    Str: 12    XL:     13   Next: 76%
Magic:  25/25      EV: 16    Int: 19    God:    Vehumet [*****.]
Gold:   917        SH:  5    Dex: 11    Spells: 3/28 levels left

rFire    + . .     SeeInvis .   F - +9 flail of Zunoo {flame, rC+ MR+}
rCold    . . .     Gourm    .   (no shield)
rNeg     . . .     Faith    .   L - +0 troll leather armour
rPois    .         Spirit   .   (no helmet)
rElec    .         Reflect  +   (no cloak)
rCorr    .         Harm     .   (no gloves)
MR       +....                  (no boots)
Stlth    +.........             k - +5 amulet of reflection
HPRegen  0.68/turn              z - +5 ring of evasion
MPRegen  0.19/turn              E - ring of fire

@: lethally poisoned (-3 -> -7)
A: no striking features
a: Renounce Religion


You were on level 5 of the Lair of Beasts.
You worshipped Vehumet.
Vehumet was extremely pleased with you.
You were very hungry.

You visited 2 branches of the dungeon, and saw 16 of its levels.

You collected 917 gold pieces.

Inventory:

Hand Weapons
 F - the +9 flail of Zunoo (weapon) {flame, rC+ MR+}
   (You found it on level 5 of the Dungeon)

   It has been specially enchanted to burn those struck by it, causing extra
   injury to most foes and up to half again as much damage against particularly
   susceptible opponents.
   It protects you from cold.
   It affects your resistance to hostile enchantments.
Missiles
 t - 3 throwing nets (quivered)
Armour
 a - a +1 leather armour of poison resistance
 L - a +0 troll leather armour (worn)
 T - a +0 buckler
Jewellery
 k - a +5 amulet of reflection (around neck)
 z - a +5 ring of evasion (left hand)
 E - a ring of fire (right hand)
 H - an uncursed ring of protection from fire
 Y - an uncursed ring of protection from magic
Wands
 p - a wand of lightning (1/15)
 x - a wand of confusion (22/48)
 I - a wand of digging (13/24)
 Q - a wand of enslavement (9/24)
 V - a wand of polymorph (10/24)
 Z - a wand of iceblast (0/15)
Scrolls
 f - 5 scrolls of noise {unknown}
 g - 9 scrolls of remove curse
 i - a scroll of amnesia
 j - 3 scrolls of enchant armour {unknown}
 m - 4 scrolls of fear {unknown}
 o - 10 scrolls of teleportation
 s - a scroll of random uselessness {unknown}
 u - 3 scrolls of enchant weapon {unknown}
 y - 3 scrolls of fog
 B - 3 scrolls of magic mapping {unknown}
 N - a scroll of acquirement {unknown}
 S - a scroll of blinking {unknown}
 W - 2 scrolls of silence {unknown}
Potions
 e - 9 potions of mutation
 q - 2 potions of might
 v - 2 potions of invisibility
 w - 4 potions of brilliance
 A - a potion of magic
 D - 4 potions of curing
 K - 4 potions of agility
 M - 3 potions of flight
 U - a potion of haste
Books
 b - a book of Flames

   Spells                             Type                      Level
   a - Flame Tongue                   Conjuration/Fire             1
   b - Throw Flame                    Conjuration/Fire             2
   c - Conjure Flame                  Conjuration/Fire             3
   d - Inner Flame                    Hexes/Fire                   3
   e - Sticky Flame                   Conjuration/Fire             4
   f - Fireball                       Conjuration/Fire             5
 G - a book of Summonings

   Spells                             Type                      Level
   a - Recall                         Summoning/Translocation      3
   b - Aura of Abjuration             Summoning                    5
   c - Summon Demon                   Summoning                    5
   d - Summon Forest                  Summoning/Translocation      5
   e - Summon Mana Viper              Hexes/Summoning              5
   f - Shadow Creatures               Summoning                    6
 O - a book of Ice

   Spells                             Type                      Level
   a - Ice Form                       Ice/Transmutation            4
   b - Metabolic Englaciation         Hexes/Ice                    5
   c - Ozocubu's Refrigeration        Ice                          6
   d - Bolt of Cold                   Conjuration/Ice              6
   e - Freezing Cloud                 Conjuration/Ice/Air          6
   f - Simulacrum                     Ice/Necromancy               6
 R - a book of Enchantments

   Spells                             Type                      Level
   a - Cause Fear                     Hexes                        4
   b - Yara's Violent Unravelling     Hexes/Transmutation          5
   c - Silence                        Hexes/Air                    5
   d - Deflect Missiles               Charms/Air                   6
   e - Discord                        Hexes                        8
 X - a book of Necromancy

   Spells                             Type                      Level
   a - Pain                           Necromancy                   1
   b - Animate Skeleton               Necromancy                   1
   c - Vampiric Draining              Necromancy                   3
   d - Regeneration                   Charms/Necromancy            3
   e - Animate Dead                   Necromancy                   4
   f - Control Undead                 Necromancy                   4
Miscellaneous
 h - a fan of gales (inert)
 n - a crystal ball of energy
 r - a lightning rod (4/4)
 P - a phantom mirror
Comestibles
 c - 14 bread rations
 d - 7 meat rations
 l - 6 royal jellies
 J - 15 fruits


   Skills:
 - Level 8.7 Fighting
 - Level 1.5 Dodging
 - Level 1.5 Stealth
 - Level 8.1 Spellcasting
 + Level 13.1 Conjurations
 + Level 2.7 Charms
 - Level 5.0 Necromancy
 + Level 14.2 Fire Magic


You had 3 spell levels left.
You knew the following spells:

 Your Spells              Type           Power        Failure   Level  Hunger
a - Flame Tongue          Conj/Fire      #####        1%          1    None
b - Throw Flame           Conj/Fire      ######       1%          2    None
c - Sticky Flame          Conj/Fire      ######..     1%          4    ###....
d - Fireball              Conj/Fire      ######....   1%          5    #####..
e - Animate Skeleton      Necr           N/A          1%          1    None
f - Throw Icicle          Conj/Ice       ####....     2%          4    ###....
g - Regeneration          Chrm/Necr      ###.......   7%          3    None
h - Bolt of Draining      Conj/Necr      #####.....   2%          5    #####..


Dungeon Overview and Level Annotations

Branches:
Dungeon (10/15)            Temple (0/1) D:4            Lair (6/6) D:9
 Shoals (0/4) Lair:3       Spider (0/4) Lair:2        Slime (0/5) Lair:5
    Orc: D:9-12

Altars:
Ashenzari
Cheibriados
Elyvilon
Fedhas
Gozag
Nemelex Xobeh
Okawaru
Trog
Vehumet
Wu Jian
Yredelemnul
Zin
The Shining One
Jiyva

Shops:
D:5 %

Annotations:
D:5 exclusion: downstairs
Lair:2 exclusion: downstairs
Lair:3 exclusion: downstairs


Message History

The crocodile misses you.
Okay, then.
Okay, then.
As you read the scroll labeled TEXTUSM GACEAS, it crumbles to dust.
The scroll dissolves into smoke.
It was a scroll of fog.
You feel sick. The black mamba misses you. The blink frog barely misses you.
The black mamba bites you!
* * * LOW HITPOINT WARNING * * *
The bullfrog closely misses you. The crocodile bites you.
* * * LOW HITPOINT WARNING * * *
The spiny frog misses you.
You feel better. You block the black mamba's attack.
The blink frog hits you but does no damage.
The bullfrog swells and bulges.
You block the bullfrog's attack. The spiny frog stings you.
* * * LOW HITPOINT WARNING * * *
You are poisoned.
The spiny frog poisons you! The black mamba completely misses you.
The crocodile barely misses you. The blink frog hits you!
You die...

........##.#......PP##..>...P....
.......####.........P.P......P#.#
....#### #...........P.........##
.....# ##..............†....##
Z....# ##.....<.P..........#
....## #.......<..........##
.Z...# ##.....§...#.......#
+Z#### ###..§#FS.##.#'P#..## .###
#....§F@t#####.##### ...#
####..P§F##.####.## .###
#.##'P#.###)#P.P..# ### ..##
##.........####P...####.# ...#
#.........## ##..#.##.###
.#.#####........# ###+.#.#Z#..#
.#...###........## #...........##
...#.#.#.........###...........PP
...####.........##.##............


You could see a black mamba, a spiny frog, a blink frog, a crocodile and a
bullfrog.

Vanquished Creatures
  Kirke (Lair:4)
  5 hydras
  Pikel (D:8)
  An oklob plant (D:9)
  A manticore (D:7)
  3 black mambas
  2 elephants
  A rime drake (Lair:2)
  3 spiny frogs
  5 komodo dragons
  5 polar bears
  2 trolls
  5 jumping spiders (Lair:2)
  3 dream sheep (Lair:4)
  17 blink frogs
  8 hippogriffs
  A snapping turtle (Lair:3)
  A shadow (D:7)
  6 redbacks (Lair:2)
  A human (D:7)
  3 wyverns
  29 yaks
  4 hogs (Lair:3)
  2 basilisks
  A steam dragon (Lair:2)
  A vampire mosquito (Lair:6)
  7 water moccasins
  5 porcupines
  3 sky beasts
  3 slaves (D:7)
  2 black bears (Lair:3)
  A necrophage (D:7)
  4 orc warriors
  4 phantoms
  5 ogres
  9 wolves
  5 crocodiles
  4 centaurs
  3 big kobolds
  7 bullfrogs
  2 scorpions
  7 wights
  10 howler monkeys
  5 crimson imps
  5 hounds
  A centaur zombie (D:7)
  4 jellies
  9 orc priests
  A bullfrog skeleton (D:8)
  3 iguanas
  9 orc wizards
  4 worker ants
  A human skeleton (D:7)
  A worker ant zombie (D:8)
  7 gnolls
  A shadow imp (D:4)
  20 adders
  2 oozes
  An adder skeleton (D:7)
  A worm (D:4)
  2 dart slugs (D:1)
  8 leopard geckos
  33 orcs
  3 ball pythons
  9 bats
  6 giant cockroaches
  9 goblins
  3 hobgoblins
  8 jackals
  25 kobolds
  5 quokkas
  4 frilled lizards
  A goblin skeleton (D:7)
  A jackal skeleton (D:8)
  A leopard gecko skeleton (D:5)
  3 quokka skeletons
  10 rats
399 creatures vanquished.

Vanquished Creatures (collateral kills)
  A hydra (Lair:4)
  An elephant (Lair:3)
  A spiny frog (Lair:1)
  A hornet (D:10)
  3 blink frogs
  2 dream sheep (Lair:4)
  A hippogriff (Lair:3)
  3 yaks (Lair:4)
  A hog (Lair:4)
  A porcupine (Lair:5)
  A black bear (Lair:3)
  An ice beast (D:6)
  A phantom (D:10)
  A wolf (Lair:4)
  A centaur (D:6)
  6 crocodiles
  A wight (D:7)
  2 crimson imps
  A bullfrog zombie (D:10)
  An orc wizard (D:7)
  An iguana (D:7)
  A hound zombie (D:10)
  A fungus (Lair:3)
  2 plants (Lair:4)
36 creatures vanquished.

Vanquished Creatures (others)
  A slave (D:8)
  A bullfrog (D:8)
  A wyvern skeleton (D:8)
  A hound zombie (D:8)
  An orc (D:8)
  8 fungi
  6 plants
19 creatures vanquished.

Grand Total: 454 creatures vanquished

Notes
Turn   | Place    | Note
-------+----------+-------------------------------------------
     0 | D:1      | grindst0ne the Hill Orc Fire Elementalist began the quest for the Orb.
     0 | D:1      | Reached XP level 1. HP: 14/14 MP: 3/3
   424 | D:1      | Reached XP level 2. HP: 20/20 MP: 1/4
   428 | D:1      | Learned a level 2 spell: Throw Flame
   788 | D:1      | Reached XP level 3. HP: 23/26 MP: 3/5
   794 | D:1      | Reached skill level 4 in Fire Magic
  1616 | D:2      | Found a sparkling altar of Nemelex Xobeh.
  1647 | D:2      | Reached XP level 4. HP: 33/33 MP: 4/6
  1914 | D:3      | Found a radiant altar of Vehumet.
  2027 | D:3      | Became a worshipper of Vehumet
  2817 | D:3      | Found a faded altar of an unknown god.
  2872 | D:3      | Reached XP level 5. HP: 38/38 MP: 1/7
  2885 | D:3      | Learned a level 4 spell: Sticky Flame
  3015 | D:3      | Reached skill level 5 in Fire Magic
  3202 | D:4      | Found a snail-covered altar of Cheibriados.
  3356 | D:4      | Noticed a centaur
  3375 | D:4      | Killed a centaur
  3375 | D:4      | Reached XP level 6. HP: 13/45 MP: 0/8
  3602 | D:4      | Found an ornate altar of the Wu Jian Council.
  3603 | D:4      | Found a bloodstained altar of Trog.
  3680 | D:4      | Reached * piety under Vehumet
  3680 | D:4      | Offered knowledge of Shock by Vehumet.
  3684 | D:4      | Found a staircase to the Ecumenical Temple.
  3791 | D:4      | Learned a level 1 spell: Animate Skeleton
  3901 | D:4      | You fall through a shaft for 2 floors!
  3926 | D:5      | Entered Level 5 of the Dungeon
  4084 | D:5      | Reached skill level 1 in Necromancy
  4432 | D:4      | Found an opulent altar of Gozag.
  4433 | D:4      | Found a glowing silver altar of Zin.
  4896 | D:5      | Reached skill level 6 in Fire Magic
  4896 | D:5      | Reached XP level 7. HP: 27/50 MP: 2/10
  5594 | D:5      | Reached skill level 5 in Conjurations
  5729 | D:5      | Got a smoking flail
  5730 | D:5      | Identified the +9 flail of Zunoo {flame, rC+ MR+} (You found it on level 5 of the Dungeon)
  6072 | D:5      | Found Qaitsa Icwio's Food Shoppe.
  6206 | D:6      | Reached XP level 8. HP: 57/57 MP: 8/12
  6354 | D:6      | Noticed a hippogriff
  6354 | D:6      | Reached skill level 7 in Fire Magic
  6729 | D:6      | Offered knowledge of Sting by Vehumet.
  6761 | D:6      | Reached ** piety under Vehumet
  7074 | D:6      | Reached XP level 9. HP: 39/62 MP: 14/14
  7472 | D:7      | Found a runed door.
  7486 | D:7      | Found a basalt altar of Yredelemnul.
  7567 | D:7      | Reached skill level 8 in Fire Magic
  7604 | D:7      | Reached skill level 5 in Necromancy
  7796 | D:7      | Offered knowledge of Ignite Poison by Vehumet.
  7800 | D:7      | Found a blossoming altar of Fedhas.
  7862 | D:7      | Found an iron altar of Okawaru.
  7963 | D:7      | Found a bloodstained altar of Trog.
  8132 | D:7      | Found a blossoming altar of Fedhas.
  8214 | D:7      | Reached *** piety under Vehumet
  8238 | D:7      | Noticed a manticore
  8279 | D:7      | Reached skill level 9 in Fire Magic
  8373 | D:7      | HP: 3/62 [manticore/volley of spikes (22)]
  8375 | D:7      | Killed a manticore
  8375 | D:7      | Reached XP level 10. HP: 53/69 MP: 11/16
  8396 | D:7      | Learned a level 5 spell: Fireball
  9398 | D:7      | Found a shattered altar of Ashenzari.
  9611 | D:8      | Noticed Pikel
  9677 | D:7      | Reached skill level 1 in Fighting
  9783 | D:8      | Killed Pikel
 10045 | D:8      | Reached skill level 10 in Fire Magic
 10225 | D:8      | Found a white marble altar of Elyvilon.
 10323 | D:8      | Found a basalt altar of Yredelemnul.
 10503 | D:8      | Offered knowledge of Throw Icicle by Vehumet.
 10887 | D:8      | Reached skill level 5 in Fighting
 10967 | D:8      | Learned a level 4 spell: Throw Icicle
 11075 | D:9      | Found a glowing golden altar of the Shining One.
 11137 | D:9      | Found a white marble altar of Elyvilon.
 11138 | D:9      | Noticed an oklob plant
 12246 | D:9      | Killed an oklob plant
 12729 | D:9      | Found a staircase to the Lair.
 12785 | D:10     | Entered Level 10 of the Dungeon
 12789 | D:10     | Reached **** piety under Vehumet
 12951 | D:10     | Offered knowledge of Lightning Bolt by Vehumet.
 12959 | D:10     | Reached XP level 11. HP: 67/91 MP: 10/17
 13518 | D:10     | Paralysed by a hornet for 3 turns
 13790 | Lair:1   | Entered Level 1 of the Lair of Beasts
 13950 | Lair:1   | Reached skill level 11 in Fire Magic
 14308 | Lair:1   | Reached skill level 10 in Conjurations
 14620 | Lair:2   | Reached skill level 5 in Spellcasting
 15035 | Lair:2   | Found a hole to the Spider Nest.
 15238 | Lair:2   | Reached XP level 12. HP: 98/103 MP: 16/20
 15308 | Lair:2   | Reached skill level 12 in Fire Magic
 16656 | Lair:3   | Noticed a four-headed hydra
 17162 | Lair:3   | Found a staircase to the Shoals.
 17469 | Lair:3   | Killed a four-headed hydra
 17485 | Lair:4   | Noticed a six-headed hydra
 17487 | Lair:4   | Noticed Kirke
 17668 | Lair:4   | Reached ***** piety under Vehumet
 17668 | Lair:4   | Offered knowledge of Bolt of Draining by Vehumet.
 17876 | Lair:4   | Reached skill level 13 in Fire Magic
 18050 | Lair:4   | Killed a six-headed hydra
 18050 | Lair:4   | Reached XP level 13. HP: 57/108 MP: 17/24
 18245 | Lair:4   | Noticed Sonja
 18259 | Lair:4   | Noticed Sonja
 18259 | Lair:4   | Sonja changed into Sonja the troll
 18268 | Lair:4   | Killed Sonja the troll
 18612 | Lair:4   | Killed Kirke
 19341 | Lair:5   | Learned a level 3 spell: Regeneration
 19347 | Lair:5   | Learned a level 5 spell: Bolt of Draining
 19411 | Lair:5   | Found a staircase to the Slime Pits.
 19411 | Lair:5   | Found a viscous altar of Jiyva.
 19557 | Lair:5   | Reached skill level 1 in Charms
 19822 | Lair:5   | Reached skill level 14 in Fire Magic
 20014 | Lair:6   | Entered Level 6 of the Lair of Beasts
 20241 | Lair:5   | HP: 5/108 [black mamba (12)]
 20241 | Lair:5   | HP: 2/108 [crocodile (3)]
 20242 | Lair:5   | Slain by a blink frog

Vault maps used:
D:1:      evilmike_arrival_crescent, dk_noncrumbling_4
D:2:      nemelex_xobeh_ov_fountains_minmay
D:3:      vehumet_crystals, first_bread, chequers_ecumenical_altar_lobes
D:4:      grunt_temple_overflow_gold_and_silver, cheibriados_altar_1,
          chequers_temple_overflow_statue_of_worship, minmay_temple_entry_hall,
          minmay_stone_trees_medium
D:5:      serial_shops, kennysheep_mini
D:6:      cheibrodos_iron_armory
D:7:      minmay_the_grid_triangle_9x9_rhombus_full, marbit_many_paths,
          overflow_temple_1_default, okawaru_gym_becter, basic_altar,
          dk_yredelemnul_ordeal
D:8:      kennysheep_ying_yang, uniq_pikel
D:9:      old_standard_altar, lair_entry_dummy, lemuel_oklob_altar
Lair:1:   minmay_hedge_maze, infiniplex_staircase_pool_2
Lair:2:   nicolae_spider_entry_tight_spaces, patterned_corridor
Lair:3:   beast_lair_carwin_large_1, minmay_shoals_entry_hut
Lair:4:   serial_bayou_shore_a, uniq_sonja, uniq_kirke
Lair:5:   slime_altar_1, minivault_11, grunt_megastairs_1, serial_bayou_shore_b
Lair:6:   minmay_lair_end_frog_pond, lemuel_fruit_tree

Skill      XL: |  1  2  3  4  5  6  7  8  9 10 11 12 13 |
---------------+----------------------------------------+-----
Conjurations   | 2 3 4 5 6 8 9 10 12 13 | 13.1
Fire Magic     | 4 5 6 7 9 10 11 13 14 | 14.2
Necromancy     | 1 2 4 5 |  5.0
Spellcasting   | 2 3 4 5 7 8 |  8.1
Fighting       | 6 8 |  8.7
Charms         | 2 |  2.7
Dodging        | |  1.5
Stealth        | |  1.5

Action                   |  1- 3 |  4- 6 |  7- 9 | 10-12 | 13-15 || total
-------------------------+-------+-------+-------+-------+-------++-------
Melee: Unarmed           |     2 |       |       |       |       ||     2
       Hand axe          |     8 |    48 |    66 |       |       ||   122
       Flail             |       |       |    41 |   165 |    47 ||   253
Throw: Throwing net      |       |     3 |       |     2 |       ||     5
 Cast: Flame Tongue      |    68 |   120 |   137 |    70 |     1 ||   396
       Throw Flame       |     1 |     1 |     6 |   126 |    32 ||   166
       Animate Skeleton  |       |     1 |    19 |    65 |    21 ||   106
       Sticky Flame      |       |       |    22 |   123 |    47 ||   192
       Fireball          |       |       |       |    18 |     9 ||    27
       Throw Icicle      |       |       |       |     2 |       ||     2
       Bolt of Draining  |       |       |       |       |     9 ||     9
Evoke: Wand              |       |       |     3 |     5 |     2 ||    10
       Fan of gales      |       |       |       |       |     1 ||     1
  Use: Scroll            |       |     8 |     3 |     5 |     3 ||    19
       Potion            |       |     4 |     3 |     2 |     1 ||    10
 Stab: Held in net/web   |       |     1 |       |       |       ||     1
       Distracted        |       |       |     1 |     3 |       ||     4
  Eat: Chunk             |     4 |    12 |    17 |    47 |    11 ||    91
       Bread ration      |       |       |       |     2 |     1 ||     3
Armor: Robe              |    13 |     8 |    12 |       |       ||    33
       Leather armour    |       |       |     6 |    12 |       ||    18
       Troll leather arm |       |       |       |    43 |    13 ||    56
Dodge: Dodged            |    29 |    62 |   161 |   296 |   106 ||   654
Block: Other             |     2 |    19 |    33 |    95 |    40 ||   189
       Reflection        |     1 |     1 |     2 |     3 |       ||     7
